 Dungeon Crawl Stone Soup version 0.21.1-1-g345015fe64 (webtiles) character file.

134 KleinerIrrer the Chopper (level 5, -9/49 HPs)
             Began as a Naga Fighter on Apr 13, 2018.
             Mangled by an ice beast (13 damage)
             ... on level 3 of the Dungeon.
             The game lasted 00:00:48 (2785 turns).

KleinerIrrer the Chopper (Naga Fighter)             Turns: 2785, Time: 00:00:48

Health: -9/49      AC:  5    Str: 20    XL:     5   Next: 17%
Magic:  5/5        EV:  5    Int:  8    God:
Gold:   106        SH:  8    Dex: 10    Spells: 4/4 levels left

rFire    . . .     SeeInvis +   Y - +1 war axe
rCold    . . .     Gourm    .   c - +0 shield
rNeg     . . .     Faith    .   b - +0 scale mail
rPois    +         Spirit   .   (no helmet)
rElec    .         Reflect  .   (no cloak)
rCorr    .         Harm     .   (no gloves)
MR       .....                  (no barding)
Stlth    ..........             (no amulet)
HPRegen  0.16/turn              (no ring)
MPRegen  0.09/turn              (no ring)

@: about to teleport, very slow
A: large, see invisible, deformed body, poison resistance, slowness 2, slow
metabolism 1, spit poison 1, AC +1
a: Spit Poison


You were on level 3 of the Dungeon.
You were not hungry.

You visited 1 branch of the dungeon, and saw 3 of its levels.

You collected 106 gold pieces.


Innate Abilities, Weirdness & Mutations

You cannot wear boots.
Your serpentine skin is tough. (AC +1)
You have supernaturally acute eyesight. (SInv)
Armour fits poorly on your strangely shaped body.
Your system is resistant to poisons. (rPois)
You cover ground very slowly.
You have a slow metabolism.
You can spit poison.


   Skills:
 - Level 3.0 Fighting
 + Level 5.2 Axes
 - Level 2.4 Armour
 - Level 2.4 Shields


You had 4 spell levels left.
You didn't know any spells.

Inventory:

Hand Weapons
 m - a +0 flail
 n - a +0 mace
 Y - a +1 war axe (weapon)
Armour
 b - a +0 scale mail (worn)
 c - a +0 shield (worn)
Scrolls
 a - 4 scrolls of remove curse
 e - a scroll of noise {unknown}
 l - a scroll of identify
Potions
 d - a potion of might
 g - a potion of invisibility {unknown}
 j - a potion of berserk rage {unknown}
 k - a potion of curing {unknown}
Comestibles
 f - 2 rations
 h - 2 chunks of flesh

Dungeon Overview and Level Annotations

Branches:
Dungeon (3/15)

Altars:
Elyvilon
Uskayaw


Message History

The gnoll hits you from afar with a spear.
The gnoll completely misses you. The gnoll barely misses you.
You slash the ice beast!
The ice beast is heavily wounded.
You slash the gnoll! The ice beast hits you. The ice beast freezes you!
The gnoll hits you from afar with a spear.
You block the gnoll's attack.
The gnoll hits you from afar with a spear.
You block the ice beast's attack.
2784 ||| READING scroll of teleportation.
As you read the scroll of teleportation, it crumbles to dust.
You feel strangely unstable. You block the gnoll's attack.
The gnoll hits you but does no damage.
The ice beast hits you but does no damage.
You slash the ice beast!
The ice beast is almost dead.
You hit the gnoll. The gnoll barely misses you. The ice beast hits you.
The ice beast freezes you!
You die...

~. .' ....+ ###'# ....#
#...#############''''###
#...#$..................
#####~~~~~~~~~~~~....~~~
~~~~~~~~~~~~~~~~~....~~~
~~~~~~~~~~~~~~~~~....~~~
....)............g......
................@Yg.....
################(#....?.
######## #(# ###.#
#......# #.# #......#
#.# #......# #.#
#......###.#
#..%.......#
#######.......####


You could see an ice beast and 2 gnolls.

Vanquished Creatures
  2 adders (D:2)
  6 gnolls (D:3)
  A dart slug (D:1)
  4 giant cockroaches
  5 goblins (D:1)
  6 hobgoblins
  10 jackals
  6 kobolds
  A quokka (D:3)
  2 ball pythons
  4 bats
  3 frilled lizards
  5 rats
55 creatures vanquished.

Notes
Turn   | Place    | Note
-------+----------+-------------------------------------------
     0 | D:1      | KleinerIrrer the Naga Fighter began the quest for the Orb.
     0 | D:1      | Reached XP level 1. HP: 21/21 MP: 1/1
     0 | D:1      | 0 ||| counter = 75
    10 | D:1      | 10 ||| INVOKING Spit Poison.
    13 | D:1      | 13 ||| INVOKING Spit Poison.
   174 | D:1      | 174 ||| INVOKING Spit Poison.
   251 | D:1      | 251 ||| INVOKING Spit Poison.
   256 | D:1      | Reached XP level 2. HP: 25/28 MP: 2/2
   327 | D:1      | 327 ||| INVOKING Spit Poison.
   344 | D:1      | 344 ||| INVOKING Spit Poison.
   351 | D:1      | Reached skill level 3 in Axes
   560 | D:1      | 560 ||| INVOKING Spit Poison.
   564 | D:1      | 564 ||| INVOKING Spit Poison.
   568 | D:1      | 568 ||| INVOKING Spit Poison.
   577 | D:1      | 577 ||| INVOKING Spit Poison.
   683 | D:1      | Reached XP level 3. HP: 30/34 MP: 3/3
   762 | D:1      | 762 ||| DROPPING club.
   799 | D:1      | 799 ||| INVOKING Spit Poison.
   833 | D:1      | 833 ||| INVOKING Spit Poison.
   834 | D:1      | 834 ||| INVOKING Spit Poison.
   856 | D:1      | 856 ||| INVOKING Spit Poison.
   982 | D:1      | 982 ||| UPGRADING to glowing leather armour.
   992 | D:1      | 992 ||| UPGRADING to +0 scale mail.
  1003 | D:1      | 1003 ||| DROPPING +0 leather armour of positive energy.
  1004 | D:1      | 1004 ||| READING 4 scrolls labeled LOPIGA AKASULY.
  1005 | D:1      | 1005 ||| UPGRADING to mace.
  1006 | D:1      | 1006 ||| SWAPPING to +0 war axe.
  1007 | D:1      | 1007 ||| READING 2 scrolls labeled BAYMMIUS TAIGU.
  1010 | D:1      | 1010 ||| READING scroll labeled VATAFE YHIYC.
  1011 | D:1      | 1011 ||| READING 2 scrolls labeled VIVEP XEIMPIZ.
  1012 | D:1      | 1012 ||| READING scroll labeled USKAQOF UDGHOT.
  1013 | D:1      | 1013 ||| READING scroll labeled CUESKEMUIH.
  1014 | D:1      | 1014 ||| DROPPING scroll of magic mapping.
  1125 | D:2      | Found a white marble altar of Elyvilon.
  1251 | D:2      | 1251 ||| INVOKING Spit Poison.
  1256 | D:2      | 1256 ||| INVOKING Spit Poison.
  1529 | D:2      | Reached skill level 4 in Axes
  1703 | D:2      | 1703 ||| INVOKING Spit Poison.
  1706 | D:2      | Reached XP level 4. HP: 42/42 MP: 4/4
  1751 | D:2      | 1751 ||| INVOKING Spit Poison.
  1822 | D:2      | 1822 ||| READING scroll labeled SOITOJACYU.
  1823 | D:2      | 1823 ||| READING scroll labeled TIXA MUHILEMO.
  1824 | D:2      | 1824 ||| DRINKING 2 fuming dark potions.
  1825 | D:2      | 1825 ||| DROPPING potion of flight.
  1981 | D:3      | 1981 ||| INVOKING Spit Poison.
  2060 | D:3      | 2060 ||| INVOKING Spit Poison.
  2224 | D:3      | 2224 ||| INVOKING Spit Poison.
  2232 | D:3      | 2232 ||| INVOKING Spit Poison.
  2233 | D:3      | 2233 ||| INVOKING Spit Poison.
  2454 | D:3      | 2454 ||| INVOKING Spit Poison.
  2455 | D:3      | 2455 ||| INVOKING Spit Poison.
  2548 | D:3      | Noticed an ice beast
  2655 | D:3      | Found a hide-covered altar of Uskayaw.
  2657 | D:3      | 2657 ||| INVOKING Spit Poison.
  2691 | D:3      | Reached skill level 5 in Axes
  2692 | D:3      | Found a faded altar of an unknown god.
  2702 | D:3      | 2702 ||| INVOKING Spit Poison.
  2702 | D:3      | Reached XP level 5. HP: 49/49 MP: 5/5
  2775 | D:3      | 2775 ||| INVOKING Spit Poison.
  2783 | D:3      | HP: 10/49 [gnoll/spear (5)]
  2784 | D:3      | 2784 ||| READING scroll of teleportation.
  2785 | D:3      | HP: 4/49 [ice beast (3)]
  2785 | D:3      | Mangled by an ice beast

Vault maps used:
D:1:      lemuel_arrival_lava_pool
D:2:      lemuel_coloured_pillars_altar
D:3:      lemuel_castle_with_subvaults, overflow_temple_1_default,
          chequers_ecumenical_altar_simple_redux

Skill      XL: |  1  2  3  4 |
---------------+-------------+-----
Axes           | 3 4 5 |  5.2
Fighting       | |  3.0
Armour         | |  2.4
Shields        | |  2.4

Action                   |  1- 3 |  4- 6 || total
-------------------------+-------+-------++-------
Melee: War axe           |    85 |    66 ||   151
 Abil: Spit Poison       |    16 |     9 ||    25
  Use: Scroll            |     6 |     3 ||     9
       Potion            |       |     1 ||     1
  Eat: Chunk             |     2 |     4 ||     6
Armor: Scale mail        |    31 |    23 ||    54
Dodge: Dodged            |    31 |    12 ||    43
Block: Shield            |    43 |    33 ||    76

Table legend:
 A = Spawn XP
 B = Non-spawn XP
 C = Spawn XP percentage of total XP
 D = Spawn monster count
 E = Non-spawn monster count
 F = Spawn count percentage of total count
 G = Total turns spent on level
                    A         B        C        D         E        F      G
               +---------+---------+-------+---------+---------+-------+---------
         Total |       0 |     192 |   0.0 |       0 |      55 |   0.0 |  2785
               +---------+---------+-------+---------+---------+-------+---------
           D:1 |       0 |      50 |   0.0 |       0 |      30 |   0.0 |  1024
           D:2 |       0 |      34 |   0.0 |       0 |       6 |   0.0 |   827
           D:3 |       0 |     108 |   0.0 |       0 |      19 |   0.0 |   934
               +---------+---------+-------+---------+---------+-------+---------
